 Dungeon Crawl Stone Soup version 0.30-a0-137-gd8773701ce (webtiles) character file.

Game seed: 13977452922734647448

5 freelancePsychic the Grasshopper (level 1, 0/16 HPs)
             Began as a Demonspawn Warper on Sept 21, 2022.
             Slain by a ball python (2 damage)
             ... on level 1 of the Dungeon.
             The game lasted 00:00:29 (110 turns).

freelancePsychic the Grasshopper (Demonspawn Warper) Turns: 110, Time: 00:00:29

Health: 0/16       AC:  3    Str: 11    XL:     1   Next: 66%
Magic:  3/3        EV: 11    Int: 14    God:
Gold:   3          SH:  0    Dex: 12    Spells: 4/4 levels left

rFire   . . .      SeeInvis .    a - +0 falchion
rCold   . . .      Faith    .    (no shield)
rNeg    . . .      Spirit   .    b - +0 leather armour
rPois   .          Reflect  .    (no helmet)
rElec   .          Harm     .    (no cloak)
rCorr   .          Rampage  .    (no gloves)
Will    .....                    (no boots)
Stlth   +.........               (no amulet)
HPRegen 0.05/turn                (no ring)
MPRegen 0.08/turn                (no ring)

@: no status effects
A: no striking features
a: no special abilities


You were on level 1 of the Dungeon.
You visited 1 branch of the dungeon, and saw 1 of its levels.

You collected 3 gold pieces.

Inventory:

Hand Weapons
 a - a +0 falchion (weapon)
Missiles
 d - 6 boomerangs of dispersal (quivered)
Armour
 b - a +0 leather armour (worn)
Magical Staves
 e - a staff of poison
Scrolls
 c - a scroll of blinking


   Skills:
 + Level 2.1 Fighting
 * Level 2.1 Long Blades
 - Level 0.8 Throwing
 - Level 0.8 Armour
 - Level 1.7 Dodging
 - Level 2.0 Spellcasting
 - Level 2.6 Translocations


You had 4 spell levels left.
You didn't know any spells.
Your spell library contained the following spells:

 Spells                   Type           Power      Damage    Failure   Level
 Blink                    Tloc           16%        N/A       16%         2
 Gell's Gravitas          Tloc           8%         N/A       30%         3
 Lesser Beckoning         Tloc           8%         N/A       30%         3
 Teleport Other           Tloc           8%         N/A       30%         3
 Manifold Assault         Tloc           8%         N/A       71%         4


Dungeon Overview and Level Annotations

Branches:
Dungeon (1/15)

Altars:


Message History

The ball python constricts you. The goblin hits you with a +0 dagger.
You are too injured to fight recklessly!
You are too injured to fight recklessly!
You are too injured to fight recklessly!
You are too injured to fight recklessly!
You are too injured to fight recklessly!
You are too injured to fight recklessly!
You are too injured to fight recklessly!
You are too injured to fight recklessly!
You are too injured to fight recklessly!
You are too injured to fight recklessly!
You are too injured to fight recklessly!
You are too injured to fight recklessly!
You are too injured to fight recklessly!
You are too injured to fight recklessly!
You are too injured to fight recklessly!
You are too injured to fight recklessly!
You closely miss the goblin.
The goblin is heavily wounded.
The ball python bites you. The ball python constricts you.
The goblin hits you but does no damage. The ball python bites you.
The ball python constricts you.
You hit the goblin.
The goblin is severely wounded.
The goblin hits you but does no damage. The ball python closely misses you.
The ball python constricts you.
* * * LOW HITPOINT WARNING * * *
The goblin barely misses you.
You escape the ball python's grasp.
Throw: 7 boomerangs (disperse)
Press: ? - help, Q - select action Shift-Dir - straight line, f - ball python
Aim: a ball python (53% to hit)
You throw a boomerang of dispersal.
The boomerang of dispersal closely misses the ball python.
The ball python bites you.
* * * LOW HITPOINT WARNING * * *
The ball python closely misses you. The goblin hits you but does no damage.
The ball python attacks as you move away!
The ball python closely misses you. The ball python bites you.
You die...

..... .... #.......#
##....#..#####. #
............... .
#....#......## #
#............. # ###
#......g# ..#.###..
#.....##S# .........
..... #@# .#..##.#
.#.. #.## #.##.# #.
#..# #..†.# # ##.##
.###..... #..#
#......####
######.##.##...## #
#.........##...######
...####.####..#.......
#...##.# #......


You could see a goblin and a ball python.

Vanquished Creatures
  2 bats (D:1)
  2 hobgoblins (D:1)
  A rat (D:1)
5 creatures vanquished.

Notes
Turn   | Place    | Note
-------+----------+-------------------------------------------
     0 | D:1      | freelancePsychic the Demonspawn Warper began the quest for
                  | the Orb.
     0 | D:1      | Reached XP level 1. HP: 16/16 MP: 3/3
   110 | D:1      | Slain by a ball python

Illustrated notes

Levels and vault maps discovered:
D:1:      tarquinn_simple_flora_water_f, layout_rooms

Skill      XL: |  1 |
---------------+----+-----
Long Blades    | 2 |  2.1
Fighting       | |  2.1
Throwing       | |  0.8
Armour         | |  0.8
Dodging        | |  1.7
Spellcasting   | |  2.0
Translocations | |  2.6

Action                   || total
-------------------------++-------
Melee: Falchion          ||    20
Throw: Boomerang         ||     1
Armor: Leather armour    ||    15
Dodge: Dodged            ||    23

Table legend: (Time is in decaauts)
 A = Elapsed time spent in this place.
 B = Non-inter-level travel time spent in this place.
 C = Inter-level travel time spent in this place.
 D = Time resting spent in this place.
 E = Time spent auto-exploring this place.
 F = Levels seen in this place.
 G = Mean time per level.
                   A        B        C        D        E       F      G
               +--------+--------+--------+--------+--------+-----+--------+
         Total |    114 |    114 |      0 |      0 |     69 |   1 |  114.0 |
       Dungeon |    114 |    114 |      0 |      0 |     69 |   1 |  114.0 |
               +--------+--------+--------+--------+--------+-----+--------+

Top non-repeatable levels by time:
     D:1: 114 daAuts
